 Dungeon Crawl Stone Soup version 0.31-a0-801-gc67433417a (webtiles) character file.

Game seed: 3841959162715324816

101 Ivernyr the Slasher (level 4, -1/23 HPs)
             Began as a Vine Stalker Gladiator on Sept 20, 2023.
             Killed by nerve-wracking pain
             ... invoked by Grinder
              (13 damage)
             ... on level 3 of the Dungeon.
             The game lasted 00:02:41 (1103 turns).

Ivernyr the Slasher (Vine Stalker Gladiator)        Turns: 1103, Time: 00:02:42

Health: -1/23      AC:  9    Str: 17    XL:     4   Next: 75%
Magic:  0/5        EV:  8    Int:  8    God:
Gold:   56         SH:  0    Dex: 17    Spells: 3/3 levels left

rFire   . . .        a - +0 long sword
rCold   . . .        (no shield)
rNeg    . . .        b - +0 chain mail
rPois   .            c - +0 helmet
rElec   .            (no cloak)
rCorr   .            (no gloves)
SInv    .            (no boots)
Will    .....        (no amulet) Stlth
                     (no ring)
HPRegen 1.03/turn    (no ring)
MPRegen 0.09/turn

%: guardian spirit
@: no status effects
A: fangs 2, regeneration 1, magic shield, antimagic bite, no potion heal 2
a: no special abilities


You were on level 3 of the Dungeon.
You visited 1 branch of the dungeon, and saw 3 of its levels.

You collected 56 gold pieces.

Inventory:

Hand Weapons
 a - a +0 long sword (weapon)
Missiles
 d - 3 throwing nets (quivered)
 e - a javelin
Armour
 b - a +0 chain mail (worn)
 c - a +0 helmet (worn)
Scrolls
 f - a scroll of immolation {unknown}
 j - 3 scrolls of identify {unknown}
 k - a scroll of fear {unknown}
 l - 2 scrolls of teleportation {unknown}
 m - 2 scrolls of enchant weapon {unknown}
 n - a scroll of noise {unknown}
Potions
 g - 2 potions of curing {unknown}
 h - a potion of lignification {unknown}
 i - 3 potions of resistance {unknown}
 o - 2 potions of enlightenment {unknown}


   Skills:
 + Level 2.4 Fighting
 * Level 3.6 Long Blades
 - Level 1.7 Throwing
 + Level 1.3 Armour
 + Level 2.9 Dodging


You had 3 spell levels left.
You didn't know any spells.
Your spell library contained the following spells:

 Spells                   Type           Power      Damage    Failure   Level
 Poisonous Vapours        Pois/Air       0%         N/A       100%        2
 Mephitic Cloud           Conj/Pois/Air  0%         N/A       100%        3
 Tukima's Dance           Hex            0%         N/A       100%        3
 Dimensional Bullseye     Hex/Tloc       0%         N/A       100%        4
 Iskenderun's Mystic Bla  Conj/Tloc      0%         2d3       100%        4
 Freezing Cloud           Conj/Ice/Air   0%         6-21      100%        5


Dungeon Overview and Level Annotations

Branches:
Dungeon (3/15)

Altars:

Annotations:
D:3 Grinder


Innate Abilities, Weirdness & Mutations

You have extremely sharp teeth.
Your natural rate of healing is unusually fast.
When hurt, damage is shared between your health and your magic reserves.
Your bite disrupts and absorbs the magic of your enemies.
Potions cannot restore your health.


Message History

You suddenly lose the ability to move!
A kobold comes into view. It is wielding a +0 dagger.
The kobold shouts!
Grinder blinks!
An endoplasm comes into view.
The endoplasm quivers.
The kobold throws a stone.
The stone hits you. Grinder gestures at you. Pain shoots through your body!
The kobold throws a stone.
The stone hits you but does no damage.
You can move again.
Grinder gestures at you.
You suddenly lose the ability to move!
You can move again.
Grinder says, "DUCK!"
Grinder barely misses you.
You hit Grinder but do no damage. You bite Grinder.
Grinder's magic leaks into the air.
You drain her magic.
You feel invigorated.
Grinder is lightly wounded.
Grinder hits you but does no damage.
You hit Grinder. Your bite misses Grinder.
Grinder is lightly wounded.
Grinder's magic is no longer disrupted.
Grinder hits you.
You writhe in agony.
You hit Grinder. You bite Grinder, but do no damage.
Grinder is moderately wounded.
Grinder gestures at you. Pain shoots through your body!
You barely miss Grinder. Your bite misses Grinder.
Grinder is moderately wounded.
Grinder hits you.
You writhe in agony.
Grinder hits you but does no damage.
You hit Grinder but do no damage.
Grinder is moderately wounded.
Grinder hits you.
You hit Grinder.
Grinder is moderately wounded.
Grinder gestures at you. Pain shoots through your body!
Ouch! That really hurt!
You die...
Grinder says, "Now the real fun starts!"

##### ....# # ..#.# ##
#..#####.#.# .##
#......#.#.# ..
#.####.#.#@# .# ###
####.####.#.#5##.#.!...
.............JK...JK...
####.##<#.#.#.##.#.....
#.#.#.#...... ...
#.#.#......#... .
#.#.########.### #.#.#
. #.#.# #


You could see Grinder, an endoplasm and a kobold.

Vanquished Creatures
  Jessica (D:2)
  A gnoll (D:1)
  2 adders (D:2)
  2 worms (D:2)
  2 dart slugs
  3 ball pythons
  4 endoplasms
  2 giant cockroaches (D:1)
  A goblin (D:1)
  3 hobgoblins
  2 jackals (D:1)
  A quokka (D:1)
  5 bats
  3 frilled lizards
  4 kobolds
  3 rats
39 creatures vanquished.

Notes
Turn   | Place    | Note
-------+----------+-------------------------------------------
     0 | D:1      | Ivernyr the Vine Stalker Gladiator began the quest for the
                  | Orb.
     0 | D:1      | Reached XP level 1. HP: 11/11 MP: 2/2
    61 | D:1      | Reached XP level 2. HP: 14/15 MP: 3/3
    96 | D:1      | Reached skill level 3 in Long Blades
   219 | D:1      | Reached XP level 3. HP: 15/18 MP: 2/4
   615 | D:2      | Reached skill level 1 in Armour
   673 | D:2      | Noticed Jessica
   685 | D:2      | Reached XP level 4. HP: 21/23 MP: 3/5
   698 | D:2      | Killed Jessica
  1084 | D:3      | Noticed Grinder
  1086 | D:3      | Paralysed by Grinder for 5 turns
  1095 | D:3      | Paralysed by Grinder for 2 turns
  1103 | D:3      | Killed from afar by Grinder

Illustrated notes

Levels and vault maps discovered:
D:1:      eino_arrival_druids_welcome, layout_basic
D:2:      layout_rooms, uniq_jessica
D:3:      layout_basic, uniq_sigmund, uniq_grinder, uniq_terence

Skill      XL: |  1  2  3 |
---------------+----------+-----
Fighting       | 2 |  2.4
Long Blades    | 3 |  3.6
Armour         | 1 |  1.3
Throwing       | |  1.7
Dodging        | |  2.9

Action                     |  1- 3 |  4- 6 || total
---------------------------+-------+-------++-------
  Melee: Long sword        |    82 |    29 ||   111
         Bite              |    16 |     8 ||    24
         Punch             |     2 |     1 ||     3
   Stab: Sleeping          |     1 |       ||     1
 Armour: Leather armour    |    28 |       ||    28
         Chain mail        |    26 |    36 ||    62
  Dodge: Dodged            |    54 |    11 ||    65

Table legend: (Time is in decaauts)
 A = Elapsed time spent in this place.
 B = Non-inter-level travel time spent in this place.
 C = Inter-level travel time spent in this place.
 D = Time resting spent in this place.
 E = Time spent auto-exploring this place.
 F = Levels seen in this place.
 G = Mean time per level.
                   A        B        C        D        E       F      G
               +--------+--------+--------+--------+--------+-----+--------+
         Total |   1130 |   1102 |     28 |      0 |    746 |   3 |  376.7 |
       Dungeon |   1130 |   1102 |     28 |      0 |    746 |   3 |  376.7 |
               +--------+--------+--------+--------+--------+-----+--------+

Top non-repeatable levels by time:
     D:1: 563 daAuts
     D:2: 533 daAuts
     D:3: 33 daAuts
